 Dungeon Crawl Stone Soup version 0.30-a0-782-ge64f9170bb (webtiles) character file.

Game seed: 3372945787310196495

63 Dirian the Trooper (level 3, -13/33 HPs)
             Began as a Minotaur Fighter on Mar 10, 2023.
             Killed by divine providence
             ... invoked by an orc priest
              (14 damage)
             ... on level 3 of the Dungeon.
             The game lasted 00:02:44 (1304 turns).

Dirian the Trooper (Minotaur Fighter)               Turns: 1304, Time: 00:02:45

Health: -13/33     AC:  7    Str: 22    XL:     3   Next: 89%
Magic:  2/2        EV:  9    Int:  5    God:
Gold:   166        SH:  5    Dex:  9    Spells: 2/2 levels left

rFire   . . .      SeeInvis .    a - +1 war axe
rCold   + . .      Faith    .    c - +1 buckler
rNeg    . . .      Spirit   .    b - +0 scale mail
rPois   .          Reflect  .    (helmet restricted)
rElec   .          Harm     .    f - scarf {repulsion}
rCorr   .          Rampage  .    (no gloves)
Will    .....                    (no boots) Stlth
                                 (no amulet)
HPRegen 0.25/turn                e - ring of protection from cold
MPRegen 0.08/turn                (no ring)

@: repel missiles
A: horns 2, retaliatory headbutt
a: no special abilities


You were on level 3 of the Dungeon.
You visited 1 branch of the dungeon, and saw 3 of its levels.

You collected 166 gold pieces.

Inventory:

Hand Weapons
 a - a +1 war axe (weapon)
 h - a +0 flail
Armour
 b - a +0 scale mail (worn)
 c - a +1 buckler (worn)
 f - a scarf of repulsion (worn)
Jewellery
 e - a ring of protection from cold (left hand)
Scrolls
 j - a scroll of fog
Potions
 d - a potion of might
 g - a potion of flight {unknown}
 i - a potion of curing {unknown}
 k - a potion of lignification {unknown}


   Skills:
 + Level 4.3 Fighting
 + Level 3.5 Axes
 + Level 4.3 Armour
 + Level 4.0 Shields


You had 2 spell levels left.
You didn't know any spells.
Your spell library was empty.

Dungeon Overview and Level Annotations

Branches:
Dungeon (3/15) Zot: 16662

Altars:
Ashenzari

Shops:
D:3 *


Innate Abilities, Weirdness & Mutations

You have a pair of horns on your head.
You reflexively headbutt those who attack you in melee.


Message History

The orc shouts! x2; The orc priest shouts!
The orc moves out of view.
A worm comes into view.
An orc comes into view. It is wielding a +0 whip.
The orc priest mumbles some strange prayers to Beogh against you.
Beogh smites you!
You are too injured to fight recklessly!
You are too injured to fight recklessly!
You are too injured to fight recklessly!
You are too injured to fight recklessly!
You are too injured to fight recklessly!
You are too injured to fight recklessly!
You are too injured to fight recklessly!
You are too injured to fight recklessly!
You are too injured to fight recklessly!
You are too injured to fight recklessly!
You are too injured to fight recklessly!
You are too injured to fight recklessly!
You are too injured to fight recklessly!
You are too injured to fight recklessly!
You are too injured to fight recklessly!
You hit the orc priest but do no damage.
The orc priest completely misses you.
The orc priest miscasts a cantrip.
You hit the orc priest.
The orc priest is moderately wounded.
The orc priest hits you with a +0 falchion.
You hit the orc priest. Your headbutt misses the orc priest.
The orc priest is moderately wounded.
The orc priest invokes the aid of Beogh against you.
Beogh smites you! The orc priest barely misses you. You furiously retaliate!
You headbutt the orc priest.
The orc priest mumbles some strange prayers to Beogh against you.
Beogh smites you!
* * * LOW HITPOINT WARNING * * *
You hit the orc priest.
The orc priest is severely wounded.
The orc priest calls down the wrath of Beogh upon you.
Beogh smites you!
You die...

#.........#####..#####
..#####...............<#
.....)....>.....######.#
###.#####......### #.#
#...#.##...# #.#
#.....####.# #.# #..##..
#.# #.# #.. ###. #.##
#.# #.# +##@.# #.# ..
##o# #.. o.# #o# ow o..
.... ....


You could see a worm, 2 orc priests and 3 orcs.

Vanquished Creatures
  An adder (D:2)
  A worm (D:2)
  2 bats
  2 endoplasms
  3 giant cockroaches
  6 hobgoblins
  6 jackals (D:2)
  A quokka (D:1)
  11 ball pythons
  A frilled lizard (D:3)
  4 goblins
  6 kobolds
  5 rats
49 creatures vanquished.

Notes
Turn   | Place    | Note
-------+----------+-------------------------------------------
     0 | D:1      | Dirian the Minotaur Fighter began the quest for the Orb.
     0 | D:1      | Reached XP level 1. HP: 19/19 MP: 0/0
    99 | D:1      | Reached XP level 2. HP: 9/27 MP: 1/1
   558 | D:2      | Found a broken altar of Ashenzari.
   614 | D:2      | Reached XP level 3. HP: 33/33 MP: 2/2
  1231 | D:3      | Found Amulader's General Store.
  1303 | D:3      | HP: 1/33 [orc priest/divine providence (11)]
  1304 | D:3      | Killed from afar by an orc priest

Illustrated notes

Levels and vault maps discovered:
D:1:      dpeg_arrival_snail, layout_basic
D:2:      layout_loops_cross, basic_altar, grunt_ministairs_12,
          minmay_misc_feat_square
D:3:      layout_rooms, mainiacjoe_overflow_six_doors_small,
          nicolae_yredelemnul_corpse_copse, serial_shops,
          nicolae_shop_temple_entry_statues_fountains, hex_tiny

Skill      XL: |  1  2 |
---------------+-------+-----
Armour         | 4 |  4.3
Fighting       | 4 |  4.3
Shields        | 4 |  4.0
Axes           | 3 |  3.5

Action                     || total
---------------------------++-------
  Melee: War axe           ||    85
         Headbutt          ||     8
    Use: Potion            ||     1
         Scroll            ||     6
 Armour: Scale mail        ||    35
  Dodge: Dodged            ||    51
  Block: Buckler           ||    23

Table legend: (Time is in decaauts)
 A = Elapsed time spent in this place.
 B = Non-inter-level travel time spent in this place.
 C = Inter-level travel time spent in this place.
 D = Time resting spent in this place.
 E = Time spent auto-exploring this place.
 F = Levels seen in this place.
 G = Mean time per level.
                   A        B        C        D        E       F      G
               +--------+--------+--------+--------+--------+-----+--------+
         Total |   1336 |   1306 |     30 |     28 |   1006 |   3 |  445.3 |
       Dungeon |   1336 |   1306 |     30 |     28 |   1006 |   3 |  445.3 |
               +--------+--------+--------+--------+--------+-----+--------+

Top non-repeatable levels by time:
     D:2: 697 daAuts
     D:1: 554 daAuts
     D:3: 85 daAuts
